NCAA
TEXAS CHRISTIAN HORNED FROGS @ STANFORD CARDINAL
05/08/2024
 
TOP OF THE 1ST
Texas Christian Horned Frogs batting - Pitching for Stanford Cardinal : RHP Daniel Carter
Pitching: RHP Daniel Carter
Batting: LHB José Garza 0-0: Ball
1-0: SINGLE (Groundball, 34D) (infield hit)
Batting: RHB Anthony Walsh 0-0: Ball
1-0: Foul Ball, location: 2F
1-1: Ball
Wild Pitch!
José Garza to second
2-1: Foul Ball, location: 2F
2-2: Strikes out looking
Batting: LHB Miguel Martínez 0-0: Foul Ball, location: 2F
0-1: Swinging Strike
0-2: Ball
1-2: Ball
2-2: Ball
3-2: Strikes out looking
Batting: SHB Matt Pierce 0-0: Called Strike
0-1: Ball
1-1: Swinging Strike
1-2: Strikes out swinging
Top of the 1st over - 0 run(s), 1 hit(s), 0 error(s), 1 left on base; Texas Christian 0 - Stanford 0
BOTTOM OF THE 1ST
Stanford Cardinal batting - Pitching for Texas Christian Horned Frogs : LHP Christian Green
Pitching: LHP Christian Green
Batting: LHB Frank Young 0-0: SINGLE (Line Drive, 7S)
Batting: LHB Alberto Roberts 0-0: SINGLE (Line Drive, 56D)
Frank Young to second
Batting: SHB Dave Henley 0-0: Ball
1-0: Ball
2-0: Fly out, F7 (Flyball, 7M)
Batting: RHB Fernando Vargas 0-0: Called Strike
0-1: Ball
1-1: Ball
2-1: Ball
3-1: Called Strike
3-2: Base on Balls
Frank Young to third
Alberto Roberts to second
Batting: RHB Carlos Franco 0-0: Ball
1-0: Ball
2-0: Foul Ball, location: 2F
2-1: Swinging Strike
2-2: Foul Ball, location: 2F
2-2: Strikes out swinging
Batting: SHB Barney Hudson 0-0: Ball
1-0: Foul Ball, location: 2F
1-1: Ball
2-1: Called Strike
2-2: Ball
3-2: Strikes out swinging
Bottom of the 1st over - 0 run(s), 2 hit(s), 0 error(s), 3 left on base; Texas Christian 0 - Stanford 0
TOP OF THE 2ND
Texas Christian Horned Frogs batting - Pitching for Stanford Cardinal : RHP Daniel Carter
Batting: LHB Brenton Carter 0-0: Swinging Strike
0-1: Called Strike
0-2: Ball
1-2: Strikes out swinging
Batting: LHB Garrett Cabrera 0-0: Ball
1-0: Ball
2-0: DOUBLE (Line Drive, 78M)
Batting: LHB Brandon Bingham 0-0: Ball
1-0: Ground out 6-3 (Groundball, 6)
Garrett Cabrera to third
Batting: RHB Jorge Romero 0-0: Called Strike
0-1: Fly out, F9 (Flyball, 89M)
Top of the 2nd over - 0 run(s), 1 hit(s), 0 error(s), 1 left on base; Texas Christian 0 - Stanford 0
BOTTOM OF THE 2ND
Stanford Cardinal batting - Pitching for Texas Christian Horned Frogs : LHP Christian Green
Batting: RHB Bill Hansen 0-0: Foul Ball, location: 2F
0-1: Ball
1-1: Swinging Strike
1-2: Strikes out swinging
Batting: LHB Caleb Hall 0-0: Called Strike
0-1: Swinging Strike
0-2: Foul Ball, location: 2F
0-2: Fly out, F9 (Flyball, 9M)
Batting: LHB Roderick Delgado 0-0: Ball
1-0: Ball
2-0: Ball
3-0: Called Strike
3-1: Foul Ball, location: 2F
3-2: Fly out, F5 (Popup, 56D)
Bottom of the 2nd over - 0 run(s), 0 hit(s), 0 error(s), 0 left on base; Texas Christian 0 - Stanford 0
TOP OF THE 3RD
Texas Christian Horned Frogs batting - Pitching for Stanford Cardinal : RHP Daniel Carter
Batting: RHB Bernard Samuels 0-0: Ball
1-0: Ball
2-0: SINGLE (Groundball, 56)
Batting: LHB José Garza 0-0: Called Strike
0-1: Swinging Strike
0-2: Fly out, F5 (Popup, 5SF)
Batting: RHB Anthony Walsh 0-0: Swinging Strike
0-1: Ball
1-1: Ball
2-1: Ball
3-1: Reached on error, E3 (Groundball, 3)
Bernard Samuels to second
Batting: LHB Miguel Martínez 0-0: Swinging Strike
0-1: Ball
1-1: Swinging Strike
1-2: Fly out, F7 (Flyball, 7M)
Batting: SHB Matt Pierce 0-0: SINGLE (Groundball, 56D)
Bernard Samuels to third
Anthony Walsh to second
Runner from 3rd tries for Home, SAFE, no throw or cutoff
Batting: LHB Brenton Carter 0-0: Ball
1-0: Ball
2-0: Ball
3-0: Base on Balls
Anthony Walsh to third
Matt Pierce to second
Batting: LHB Garrett Cabrera 0-0: Called Strike
0-1: Ball
1-1: Foul Ball, location: 2F
1-2: Ball
2-2: Strikes out swinging
Top of the 3rd over - 1 run(s), 2 hit(s), 1 error(s), 3 left on base; Texas Christian 1 - Stanford 0
BOTTOM OF THE 3RD
Stanford Cardinal batting - Pitching for Texas Christian Horned Frogs : LHP Christian Green
Batting: LHB Frank Young 0-0: Fly out, F7 (Flyball, 7M)
Batting: LHB Alberto Roberts 0-0: Called Strike
0-1: Swinging Strike
0-2: Ball
1-2: Fly out, F9 (Flyball, 9M)
Batting: SHB Dave Henley 0-0: Fly out, F4 (Popup, 34D)
Bottom of the 3rd over - 0 run(s), 0 hit(s), 0 error(s), 0 left on base; Texas Christian 1 - Stanford 0
TOP OF THE 4TH
Texas Christian Horned Frogs batting - Pitching for Stanford Cardinal : RHP Daniel Carter
Batting: LHB Brandon Bingham 0-0: Called Strike
0-1: DOUBLE (Groundball, 3L)
Batting: RHB Jorge Romero 0-0: Called Strike
0-1: Ground out 5-3 (Groundball, 5)
Batting: RHB Bernard Samuels 0-0: Called Strike
0-1: Ground out 6-3 (Groundball, 6)
Batting: LHB José Garza 0-0: Ball
1-0: Called Strike
1-1: Swinging Strike
1-2: Ball
2-2: Strikes out swinging
Top of the 4th over - 0 run(s), 1 hit(s), 0 error(s), 1 left on base; Texas Christian 1 - Stanford 0
BOTTOM OF THE 4TH
Stanford Cardinal batting - Pitching for Texas Christian Horned Frogs : LHP Christian Green
Batting: RHB Fernando Vargas 0-0: Swinging Strike
0-1: Ball
1-1: Foul Ball, location: 2F
1-2: Foul Ball, location: 2F
1-2: Ball
2-2: Strikes out swinging
Batting: RHB Carlos Franco 0-0: Ball
1-0: Ball
2-0: Ball
3-0: Base on Balls
Batting: SHB Barney Hudson 0-0: Ball
1-0: Called Strike
1-1: Swinging Strike
1-2: Ball
2-2: Strikes out swinging
Batting: RHB Bill Hansen Pickoff Throw to First - Out!
Bottom of the 4th over - 0 run(s), 0 hit(s), 0 error(s), 0 left on base; Texas Christian 1 - Stanford 0
TOP OF THE 5TH
Texas Christian Horned Frogs batting - Pitching for Stanford Cardinal : RHP Daniel Carter
Batting: RHB Anthony Walsh 0-0: Swinging Strike
0-1: Foul Ball, location: 2F
0-2: Foul Ball, location: 2F
0-2: Ball
1-2: Strikes out looking
Batting: LHB Miguel Martínez 0-0: Ball
1-0: Ground out 6-3 (Groundball, 6)
Batting: SHB Matt Pierce 0-0: Ball
1-0: Ball
2-0: Ball
3-0: Base on Balls
Batting: LHB Brenton Carter 0-0: Called Strike
0-1: Foul Ball, location: 2F
0-2: Ball
1-2: Ball
2-2: Foul Ball, location: 2F
2-2: Ground out 5-3 (Groundball, 5S)
Top of the 5th over - 0 run(s), 0 hit(s), 0 error(s), 1 left on base; Texas Christian 1 - Stanford 0
BOTTOM OF THE 5TH
Stanford Cardinal batting - Pitching for Texas Christian Horned Frogs : LHP Christian Green
Batting: RHB Bill Hansen 0-0: Foul Ball, location: 2F
0-1: Foul Ball, location: 2F
0-2: Ball
1-2: Ball
2-2: Foul Ball, location: 2F
2-2: Foul Ball, location: 2F
2-2: SOLO HOME RUN (Flyball, 78XD), Distance : 376 ft
Batting: LHB Caleb Hall 0-0: SINGLE (Groundball, 34D)
Batting: LHB Roderick Delgado 0-0: Ball
1-0: Swinging Strike
1-1: Fielders Choice at 2nd, 6-4 (Groundball, 6M)
Batting: LHB Frank Young 0-0: Ball
Roderick Delgado steals 2nd base
1-0: Fly out, F8 (Flyball, 8LM)
Batting: LHB Alberto Roberts 0-0: Called Strike
0-1: Ball
1-1: Ball
2-1: Swinging Strike
2-2: Strikes out swinging
Bottom of the 5th over - 1 run(s), 2 hit(s), 0 error(s), 1 left on base; Texas Christian 1 - Stanford 1
TOP OF THE 6TH
Texas Christian Horned Frogs batting - Pitching for Stanford Cardinal : RHP Daniel Carter
Pitching: RHP Devin Brown
Batting: LHB Garrett Cabrera 0-0: Swinging Strike
0-1: Ball
1-1: Ball
2-1: Ball
3-1: Base on Balls
Batting: LHB Brandon Bingham 0-0: Foul Ball, location: 2F
0-1: Foul Ball, location: 2F
0-2: Ball
1-2: Strikes out looking
Batting: RHB Jorge Romero 0-0: Ball
1-0: Ball
2-0: Ball
3-0: Called Strike
3-1: Base on Balls
Garrett Cabrera to second
Batting: RHB Bernard Samuels 0-0: Called Strike
0-1: Called Strike
0-2: SINGLE (Line Drive, 7S)
Garrett Cabrera to third
Jorge Romero to second
Batting: LHB José Garza 0-0: Fly out, F7 (Flyball, 78M)
Runner from 3rd tags up, SCORES, no throw
Batting: RHB Anthony Walsh 0-0: Swinging Strike
0-1: Foul Ball, location: 2F
0-2: Ball
1-2: Foul Ball, location: 2F
1-2: Strikes out swinging
Top of the 6th over - 1 run(s), 1 hit(s), 0 error(s), 2 left on base; Texas Christian 2 - Stanford 1
BOTTOM OF THE 6TH
Stanford Cardinal batting - Pitching for Texas Christian Horned Frogs : LHP Christian Green
Batting: SHB Dave Henley 0-0: Foul Ball, location: 2F
0-1: Ball
1-1: Foul Ball, location: 2F
1-2: SOLO HOME RUN (Line Drive, 8LXD), Distance : 415 ft
Pitching: LHP Ralph Slater
Batting: RHB Fernando Vargas 0-0: Ball
1-0: Called Strike
1-1: Ball
2-1: Ball
3-1: Swinging Strike
3-2: Foul Ball, location: 2F
3-2: Foul Ball, location: 2F
3-2: Base on Balls
Batting: RHB Carlos Franco 0-0: Ball
1-0: Called Strike
1-1: Fly out, F7 (Flyball, 7M)
Batting: SHB Barney Hudson 0-0: Called Strike
0-1: Swinging Strike
0-2: Strikes out swinging
Batting: RHB Bill Hansen 0-0: Ball
1-0: Ball
Wild Pitch!
Fernando Vargas to second
2-0: Foul Ball, location: 2F
2-1: Foul Ball, location: 2F
2-2: Strikes out swinging
Bottom of the 6th over - 1 run(s), 1 hit(s), 0 error(s), 1 left on base; Texas Christian 2 - Stanford 2
TOP OF THE 7TH
Texas Christian Horned Frogs batting - Pitching for Stanford Cardinal : RHP Devin Brown
Batting: LHB Miguel Martínez 0-0: Ball
1-0: Ball
2-0: Fly out, F8 (Flyball, 8LXD)
Batting: SHB Matt Pierce 0-0: Swinging Strike
0-1: Ball
1-1: Foul Ball, location: 2F
1-2: Strikes out swinging
Batting: LHB Brenton Carter 0-0: Ball
1-0: Called Strike
1-1: Foul Ball, location: 2F
1-2: Ball
2-2: Ball
3-2: Base on Balls
Pitching: RHP Tom Newell
Batting: LHB Garrett Cabrera 0-0: Called Strike
0-1: Swinging Strike
0-2: Strikes out looking
Top of the 7th over - 0 run(s), 0 hit(s), 0 error(s), 1 left on base; Texas Christian 2 - Stanford 2
BOTTOM OF THE 7TH
Stanford Cardinal batting - Pitching for Texas Christian Horned Frogs : LHP Ralph Slater
Pinch Hitting: SHB Dave Saunders 0-0: Ball
1-0: Called Strike
1-1: Ball
2-1: Swinging Strike
Error on foul ball, E3
2-2: Strikes out swinging
Batting: LHB Roderick Delgado 0-0: Ball
1-0: SINGLE (Line Drive, 89S)
Batting: LHB Frank Young 0-0: Ball
Roderick Delgado is caught stealing 2nd base
1-0: Ball
2-0: SINGLE (Groundball, 3D)
Batting: LHB Alberto Roberts 0-0: Ball
1-0: Ball
2-0: Fly out, F9 (Flyball, 9LD)
Bottom of the 7th over - 0 run(s), 2 hit(s), 1 error(s), 1 left on base; Texas Christian 2 - Stanford 2
TOP OF THE 8TH
Texas Christian Horned Frogs batting - Pitching for Stanford Cardinal : RHP Tom Newell
Now at 3B: Dave Saunders
Batting: LHB Brandon Bingham 0-0: Called Strike
0-1: Foul Ball, location: 2F
0-2: Ball
1-2: Fly out, F8 (Flyball, 8LM)
Batting: RHB Jorge Romero 0-0: Ball
1-0: Fly out, F7 (Flyball, 78M)
Batting: RHB Bernard Samuels 0-0: Ball
1-0: Ground out 6-3 (Groundball, 6M)
Top of the 8th over - 0 run(s), 0 hit(s), 0 error(s), 0 left on base; Texas Christian 2 - Stanford 2
BOTTOM OF THE 8TH
Stanford Cardinal batting - Pitching for Texas Christian Horned Frogs : LHP Ralph Slater
Pitching: RHP Tony Collins
Batting: SHB Dave Henley 0-0: Called Strike
0-1: Ball
1-1: Ball
2-1: Ball
3-1: Called Strike
3-2: Base on Balls
Batting: RHB Fernando Vargas 0-0: Ball
1-0: Ball
2-0: Ball
3-0: Called Strike
3-1: Swinging Strike
3-2: Foul Ball, location: 2F
3-2: SINGLE (Groundball, 34S)
Dave Henley to second
Runner from 2nd tries for 3rd, SAFE, throw made to third
Batting: RHB Carlos Franco 0-0: Ball
1-0: Swinging Strike
1-1: Reached on error, E5 (Groundball, 5)
Dave Henley scores
Fernando Vargas to second
Batting: SHB Barney Hudson 0-0: Ball
1-0: Ball
2-0: SINGLE (Line Drive, 9LS)
Fernando Vargas to third
Carlos Franco to second
Batting: RHB Bill Hansen 0-0: Ball
1-0: Swinging Strike
1-1: Foul Ball, location: 2F
1-2: Ball
2-2: Strikes out swinging
Pinch Hitting: LHB Geoffrey Bird 0-0: Called Strike
0-1: Ball
1-1: SINGLE (Line Drive, 34)
Fernando Vargas scores
Carlos Franco to third
Barney Hudson to second
Pitching: RHP Steve Patterson
Batting: LHB Roderick Delgado 0-0: Called Strike
0-1: Fly out, F5 (Popup, 25F)
Batting: LHB Frank Young 0-0: Swinging Strike
0-1: Called Strike
0-2: Strikes out swinging
Bottom of the 8th over - 2 run(s), 3 hit(s), 1 error(s), 3 left on base; Texas Christian 2 - Stanford 4
TOP OF THE 9TH
Texas Christian Horned Frogs batting - Pitching for Stanford Cardinal : RHP Tom Newell
Pitching: LHP Miguel Muñíz
Now at 1B: António García
Now at 3B: Geoffrey Bird
Batting: LHB José Garza 0-0: Ball
1-0: Called Strike
1-1: Called Strike
1-2: Strikes out swinging
Batting: RHB Anthony Walsh 0-0: Fly out, F9 (Flyball, 9M)
Batting: LHB Miguel Martínez 0-0: Ground out 4-3 (Groundball, 4M)
Top of the 9th over - 0 run(s), 0 hit(s), 0 error(s), 0 left on base; Texas Christian 2 - Stanford 4
This league is powered by Out of the Park Baseball, the baseball management simulation game for PC, Mac and Linux
Saturday, April 9th, 2016 - OOTP Baseball 16.8 Build 38